 Dungeon Crawl Stone Soup version 0.29-a0-473-gacb4ef3bc5 (webtiles) character file.

Game seed: 14511323453153568419

77 Lekart the Slasher (level 4, -1/40 HPs)
             Began as a Draconian Chaos Knight on May 23, 2022.
             Was a Plaything of Xom.
             Slain by a gnoll
             ... wielding a +0 halberd
              (14 damage)
             ... on level 2 of the Dungeon.
             The game lasted 00:01:46 (1798 turns).

Lekart the Slasher (Draconian Chaos Knight)         Turns: 1798, Time: 00:01:47

Health: -1/40      AC:  5    Str: 14    XL:     4   Next: 14%
Magic:  5/5        EV: 12    Int: 12    God:    Xom [...*..]
Gold:   79         SH:  3    Dex: 13    Spells: 5/5 levels left

rFire   . . .      SeeInvis .   a - +0 falchion (chaos)
rCold   . . .      Faith    .   g - +0 buckler
rNeg    . . .      Spirit   .   (body armour unavailable)
rPois   .          Reflect  .   (helmet restricted)
rElec   .          Harm     .   (no cloak)
rCorr   .          Rampage  .   (no gloves)
Will    .....                   (no boots)
Stlth   +.........              (no amulet)
HPRegen 0.13/turn               (no ring)
MPRegen 0.09/turn               (no ring)

@: no status effects
A: AC +5, unfitting armour, cold-blooded
a: Renounce Religion


You were on level 2 of the Dungeon.
You worshipped Xom.
You were a favourite toy of Xom.
You visited 1 branch of the dungeon, and saw 2 of its levels.

You collected 79 gold pieces.

Inventory:

Hand Weapons
 a - a +0 falchion of chaos (weapon)
Armour
 g - a +0 buckler (worn)
Scrolls
 c - a scroll of enchant weapon {unknown}
 e - a scroll of torment {unknown}
 f - a scroll of amnesia {unknown}
 h - 2 scrolls of identify {unknown}
 i - 2 scrolls of fog {unknown}
Potions
 d - a potion of attraction {unknown}
 j - a potion of lignification {unknown}
Miscellaneous
 b - a piece from Xom's chessboard (15/15) (quivered)


   Skills:
 + Level 3.8 Fighting
 + Level 3.9 Long Blades
 + Level 2.6 Dodging
 * Level 1.2 Spellcasting


You had 5 spell levels left.
You didn't know any spells.
Your spell library contained the following spells:

 Spells                   Type           Power      Damage    Failure   Level
 Poisonous Vapours        Pois/Air       0%         N/A       52%         2
 Mephitic Cloud           Conj/Pois/Air  0%         N/A       77%         3
 Alistair's Intoxication  Tmut/Pois      0%         N/A       100%        5
 Eringya's Noxious Bog    Tmut/Pois      0%         N/A       100%        6


Dungeon Overview and Level Annotations

Branches:
Dungeon (2/15)

Altars:

Shops:
D:1 (


Innate Abilities, Weirdness & Mutations

Your plain brown scales are hard. (AC +5)
You cannot fit into any form of body armour.
You are cold-blooded and may be slowed by cold attacks.


Message History

You closely miss the ball python. The ball python barely misses you.
The ball python constricts you. The ball python closely misses you.
The ball python constricts you.
A ball python is nearby!
You hit the ball python.
The ball python is moderately wounded.
You block the ball python's attack. The ball python constricts you.
A ball python is nearby!
You hit the ball python.
You kill the ball python!
You see here a ball python corpse. 2 gnolls come into view.
A gnoll comes into view. It is wielding a +0 halberd.
The gnoll shouts! x2
There are monsters nearby!
The gnoll shouts!
There are monsters nearby!
The gnoll hits you with a +0 halberd!
You emit a cloud of colourful smoke!
You slash the gnoll! You freeze the gnoll.
The gnoll is almost dead.
The gnoll hits you from afar with a +4 spear.
The gnoll barely misses you.
You hit the gnoll.
You kill the gnoll!
The gnoll hits you from afar with a +4 spear.
You have reached level 4!
You feel agile. The gnoll closely misses you.
The gnoll hits you with a +4 spear.
You see here a +0 halberd.
You are too injured to fight recklessly!
You are too injured to fight recklessly!
You are too injured to fight recklessly!
You closely miss the gnoll.
Your tail-slap misses the gnoll.
The gnoll hits you from afar with a +0 halberd.
The gnoll barely misses you.
You barely miss the gnoll.
Your tail-slap misses the gnoll.
The gnoll completely misses you. The gnoll misses you.
The gnoll hits you from afar with a +0 halberd!
You die...

########### #..gg@§§§.#
#.#######.# #.# #.# ## #.#
. #.# .############## #†#
###.#....#.......# #.#
............>###.###†######


You could see 2 gnolls.

Vanquished Creatures
  A gnoll (D:2)
  An adder (D:2)
  3 orcs (D:2)
  3 ball pythons (D:2)
  An endoplasm (D:2)
  2 giant cockroaches (D:1)
  4 goblins
  7 hobgoblins
  11 jackals (D:2)
  3 quokkas (D:1)
  2 bats (D:1)
  2 frilled lizards (D:1)
  5 kobolds
  2 rats (D:1)
47 creatures vanquished.

Notes
Turn   | Place    | Note
-------+----------+-------------------------------------------
     0 | D:1      | Lekart the Draconian Chaos Knight began the quest for the
                  | Orb.
     0 | D:1      | Reached XP level 1. HP: 19/19 MP: 1/1
     2 | D:1      | Noticed a vine stalker
     4 | D:1      | Noticed a human
     4 | D:1      | Noticed a troll
     6 | D:1      | Noticed a ghoul
     8 | D:1      | Noticed a formicid
     8 | D:1      | Noticed a gargoyle
    10 | D:1      | Noticed a tengu
    12 | D:1      | Noticed a minotaur
    14 | D:1      | Noticed a draconian
    14 | D:1      | Noticed a demonspawn
    16 | D:1      | Noticed a felid
    18 | D:1      | Noticed an octopode
    18 | D:1      | Noticed a merfolk
    20 | D:1      | Noticed a spriggan
    20 | D:1      | Noticed a dwarf
    22 | D:1      | Noticed an ogre
    22 | D:1      | Noticed a vampire
    24 | D:1      | Noticed an elf
    24 | D:1      | Noticed a naga
    26 | D:1      | Noticed a demigod
    38 | D:1      | XOM: potion effect (invisibility)
    69 | D:1      | Found Niesuqucsi's Antique Weapon Emporium.
   185 | D:1      | Reached XP level 2. HP: 18/26 MP: 2/2
   311 | D:1      | XOM: 3-stop teleportation journey
   380 | D:1      | Found a faded altar of an unknown god.
   406 | D:1      | XOM: confuse monster(s)
   516 | D:1      | XOM: 1-stop teleportation journey
   627 | D:1      | XOM: god gift: scroll labelled XOYGAXECRU {god gift}
   784 | D:1      | XOM: 5-stop teleportation journey
  1234 | D:2      | Reached XP level 3. HP: 32/33 MP: 4/4
  1244 | D:2      | Reached skill level 1 in Spellcasting
  1362 | D:2      | Got the Handbook of Forking Paths
  1793 | D:2      | XOM: smoke on damage
  1796 | D:2      | Reached XP level 4. HP: 21/40 MP: 5/5
  1798 | D:2      | Slain by a gnoll

Illustrated notes

Levels and vault maps discovered:
D:1:      kb_arrival_jail, layout_loops_ring,
          ebering_ecumenical_altar_abandoned, serial_shops, nicolae_shop_stone,
          grunt_decor_clamped
D:2:      layout_basic, guppyfry_early_orc_mine

Skill      XL: |  1  2  3 |
---------------+----------+-----
Spellcasting   | 1 |  1.2
Fighting       | |  3.8
Long Blades    | |  3.9
Dodging        | |  2.6

Action                   |  1- 3 |  4- 6 || total
-------------------------+-------+-------++-------
Melee: Falchion          |   141 |     2 ||   143
       Tailslap          |    20 |       ||    20
       Punch             |     1 |       ||     1
 Stab: Invisible         |     2 |       ||     2
       Sleeping          |     2 |       ||     2
Armor: Skin              |    38 |       ||    38
Dodge: Dodged            |   135 |     4 ||   139
Block: Buckler           |    17 |       ||    17

Table legend: (Time is in decaauts)
 A = Elapsed time spent in this place.
 B = Non-inter-level travel time spent in this place.
 C = Inter-level travel time spent in this place.
 D = Time resting spent in this place.
 E = Time spent auto-exploring this place.
 F = Levels seen in this place.
 G = Mean time per level.
                   A        B        C        D        E       F      G
               +--------+--------+--------+--------+--------+-----+--------+
         Total |   1821 |   1719 |    102 |      0 |   1416 |   2 |  910.5 |
       Dungeon |   1821 |   1719 |    102 |      0 |   1416 |   2 |  910.5 |
               +--------+--------+--------+--------+--------+-----+--------+

Top non-repeatable levels by time:
     D:1: 1233 daAuts
     D:2: 588 daAuts
